 Dungeon Crawl Stone Soup version 0.28.0-47-ge53b351184 (webtiles) character file.

Game seed: 4898512879339716659

123 Atelerd the Digger (level 5, 0/31 HPs)
             Began as an Octopode Earth Elementalist on May 10, 2022.
             Slain by an orc
             ... wielding a +2 flail of protection
              (6 damage)
             ... on level 3 of the Dungeon.
             The game lasted 00:02:55 (3023 turns).

Atelerd the Digger (Octopode Earth Elementalist)    Turns: 3023, Time: 00:02:55

Health: 0/31       AC:  1    Str:  7    XL:     5   Next: 7%
Magic:  8/8        EV: 13    Int: 20    God:
Gold:   77         SH:  0    Dex: 12    Spells: 8/9 levels left

rFire   . . .      SeeInvis .   k - +0 dagger (elec)
rCold   . . .      Faith    .   (no shield)
rNeg    . . .      Spirit   .   (helmet restricted)
rPois   .          Reflect  .   (no amulet)
rElec   .          Harm     .   (no ring)
rCorr   .          Rampage  .   (no ring)
Will    .....                   (no ring)
Stlth   +++.......              (no ring)
HPRegen 0.10/turn               (no ring)
MPRegen 0.11/turn               (no ring)
                                (no ring)
                                (no ring)

@: no status effects
A: almost no armour, amphibious, 8 rings, camouflage 1, gelatinous body 1,
(nimble swimmer 1), tentacles
a: no special abilities


You were on level 3 of the Dungeon.
You visited 1 branch of the dungeon, and saw 3 of its levels.

You collected 77 gold pieces.

Inventory:

Hand Weapons
 e - a +0 dagger
 k - a +0 dagger of electrocution (weapon)
Missiles
 b - 81 stones
Wands
 g - a wand of iceblast (14)
Scrolls
 c - a scroll of vulnerability {unknown}
 f - a scroll of teleportation {unknown}
 h - a scroll of identify {unknown}
 j - a scroll of fog {unknown}
 l - a scroll of blinking {unknown}
 m - a scroll of summoning {unknown}
Potions
 a - 2 potions of curing {unknown}
 d - a potion of resistance {unknown}
 i - a potion of magic {unknown}


   Skills:
 - Level 2.0 Dodging
 + Level 3.8 Stealth
 + Level 2.6 Spellcasting
 * Level 2.6 Transmutations
 * Level 4.0 Earth Magic


You had 8 spell levels left.
You knew the following spells:

 Your Spells              Type           Power      Damage    Failure   Level
a - Sandblast             Erth           36%        2d10      2%          1

Your spell library contained the following spells:

 Spells                   Type           Power      Damage    Failure   Level
 Passwall                 Tmut/Erth      13%        N/A       5%          2
 Stone Arrow              Conj/Erth      20%        3d8       19%         3
 Petrify                  Tmut/Erth      16%        N/A       36%         4


Dungeon Overview and Level Annotations

Branches:
Dungeon (3/15)

Altars:
Fedhas


Innate Abilities, Weirdness & Mutations

You cannot wear most types of armour.
You are amphibious.
You can wear up to eight rings at the same time.
Your skin changes colour to match your surroundings (Stealth+).
Your rubbery body absorbs attacks. (AC +1, EV +1)
((You are camouflaged when in or above water. (Stealth+)))
You have tentacles for arms and can constrict up to eight enemies at once.


Message History

An orc is nearby!
A hobgoblin comes into view.
There are monsters nearby!
The hobgoblin shouts!
You hit the orc but do no damage. Your grab misses the orc.
Your squeeze misses the orc. The orc barely misses you.
There are monsters nearby!
You closely miss the orc. Your grab misses the orc.
A giant cockroach comes into view.
The orc hits you with a +2 flail of protection.
There are monsters nearby!
You hit the orc but do no damage. Your grab misses the orc.
The orc hits you with a +2 flail of protection!
There are monsters nearby!
You are too injured to fight recklessly!
There are monsters nearby!
You are too injured to fight recklessly!
You are too injured to fight recklessly!
Casting: Sandblast (safe; 2% risk of failure)
Confirm with . or Enter, or press ? or * to list all spells.
Aiming: Sandblast (safe; 2% risk of failure)
Press: ? - help, Shift-Dir - straight line, f - orc
Aim: an orc, wielding a +2 flail of protection and wearing a +0 ring mail (82% to hit)
The blast of sand hits the orc but does no damage.
The orc hits you with a +2 flail of protection.
Unknown command.
Unknown command.
Casting: Sandblast (safe; 2% risk of failure)
Confirm with . or Enter, or press ? or * to list all spells.
Aiming: Sandblast (safe; 2% risk of failure)
Press: ? - help, Shift-Dir - straight line, f/p - orc
Aim: an orc, wielding a +2 flail of protection and wearing a +0 ring mail (82% to hit)
The blast of sand hits the orc but does no damage.
The orc hits you with a +2 flail of protection!
* * * LOW HITPOINT WARNING * * *
Unknown command.
There is a stone staircase leading down here.
There is a stone staircase leading down here.
The orc hits you with a +2 flail of protection.
You die...

#.#......# #####
####.#.##.#.# #..<#
.....#.##.#.###...#
######.##.........####
#)####..........#
#)).............#
##.......###.........#
##.......# ####...####
##.......# #.@.#
##.......# #.o.#
##.......#######g##
##...............####
##........####......#
# ###...##g#
#.....##.# #.#..###g#
#..#.#.)###.#


You could see an orc and a hobgoblin.

Vanquished Creatures
  An orc wizard (D:3)
  5 adders (D:2)
  A dart slug (D:1)
  6 orcs (D:3)
  An endoplasm (D:3)
  6 giant cockroaches
  3 hobgoblins
  4 jackals (D:2)
  A kobold (D:2)
  3 quokkas (D:1)
  A ball python (D:1)
  4 bats
  3 frilled lizards (D:2)
  4 goblins
  4 rats
47 creatures vanquished.

Notes
Turn   | Place    | Note
-------+----------+-------------------------------------------
     0 | D:1      | Atelerd the Octopode Earth Elementalist began the quest for
                  | the Orb.
     0 | D:1      | Reached XP level 1. HP: 11/11 MP: 3/3
   462 | D:1      | Reached XP level 2. HP: 12/17 MP: 3/5
  1115 | D:1      | Found a faded altar of an unknown god.
  1407 | D:2      | Reached XP level 3. HP: 21/21 MP: 3/6
  1846 | D:2      | Reached XP level 4. HP: 10/27 MP: 5/7
  2048 | D:2      | Identified the +8 ring mail of Yredelemnul's Fury {Drain
                  | rF+ rC++ Dex+3}
  2662 | D:3      | Found a blossoming altar of Fedhas.
  2847 | D:3      | Reached skill level 4 in Earth Magic
  2847 | D:3      | Reached XP level 5. HP: 18/31 MP: 6/8
  3023 | D:3      | Slain by an orc

Illustrated notes

Levels and vault maps discovered:
D:1:      lightli_arrival_chessboard, layout_basic, basic_ecumenical_altar,
          st_stairs_12
D:2:      layout_rooms, minmay_close_crescents
D:3:      layout_loops_cross, lemuel_doored_altar,
          nicolae_overflow_hidden_temple, mainiacjoe_overflow_catch_the_wave

Skill      XL: |  1  2  3  4 |
---------------+-------------+-----
Stealth        | 3 |  3.8
Transmutations | 2 |  2.6
Earth Magic    | 4 |  4.0
Dodging        | |  2.0
Spellcasting   | |  2.6

Action                   |  1- 3 |  4- 6 || total
-------------------------+-------+-------++-------
Melee: Unarmed           |    32 |       ||    32
       Constrict         |    13 |    14 ||    27
       Tentacles         |    11 |     7 ||    18
       Dagger            |     4 |    40 ||    44
       Punch             |     1 |       ||     1
 Cast: Sandblast         |    23 |    17 ||    40
 Stab: Sleeping          |     3 |     2 ||     5
Armor: Skin              |     3 |     4 ||     7
Dodge: Dodged            |    38 |    30 ||    68
